 Dungeon Crawl Stone Soup version 0.20.1-1-g8b1a95d (webtiles) character file.

60 wnhky the Sneak (level 3, 0/17 HPs)
             Began as a Spriggan Enchanter on Sept 22, 2017.
             Slain by Natasha (7 damage)
             ... on level 1 of the Dungeon.
             The game lasted 00:03:47 (1729 turns).

wnhky the Sneak (Spriggan Enchanter)                Turns: 1729, Time: 00:03:48

Health: 0/17       AC:  2    Str:  4    XL:     3   Next: 80%
Magic:  1/8        EV: 19    Int: 16    God:
Gold:   77         SH:  0    Dex: 17    Spells: 2/8 levels left

rFire    . . .     SeeInvis +   e - +0 dagger (venom)
rCold    . . .     Gourm    .   (shield restricted)
rNeg     . . .     Faith    .   b - +0 robe
rPois    .         Spirit   .   (helmet restricted)
rElec    .         Reflect  .   (no cloak)
rCorr    .         Harm     .   (gloves unavailable)
MR       .....                  (boots unavailable)
Stlth    +++.......             (no amulet)
Regen    0.1/turn               (no ring)
MPRegen  0.2/turn               (no ring)

@: very slightly contaminated, very quick
A: unfitting armour, see invisible, herbivore 3, speed 3, slow metabolism 2
a: no special abilities


You were on level 1 of the Dungeon.
You were not hungry.

You visited 1 branch of the dungeon, and saw 2 of its levels.

You collected 77 gold pieces.

Inventory:

Hand Weapons
 a - a +1 dagger
 e - a +0 dagger of venom (weapon)
Missiles
 m - 95 stones (quivered)
Armour
 b - a +0 robe (worn)
Jewellery
 l - an uncursed ring of ice {unknown}
Scrolls
 f - 2 scrolls of teleportation {unknown}
 h - 3 scrolls of identify {unknown}
 i - a scroll of magic mapping {unknown}
 k - 2 scrolls of remove curse {unknown}
Potions
 j - a potion of might {unknown}
Books
 c - a book of Maledictions

   Spells                             Type                      Level
   a - Corona                         Hexes                        1
   b - Ensorcelled Hibernation        Hexes/Ice                    2
   c - Confuse                        Hexes                        3
   d - Tukima's Dance                 Hexes                        3
   e - Dazzling Spray                 Conjuration/Hexes            3
Comestibles
 d - 2 bread rations
 g - 2 royal jellies


   Skills:
 + Level 0.5 Fighting
 * Level 2.5 Short Blades
 + Level 3.5 Dodging
 * Level 5.2 Stealth
 + Level 3.0 Spellcasting
 + Level 3.9 Hexes


You had 2 spell levels left.
You knew the following spells:

 Your Spells              Type           Power        Failure   Level  Hunger
a - Corona                Hex            ##.....      3%          1    #......
b - Ensorcelled Hibernat  Hex/Ice        #.....       13%         2    ##.....
c - Confuse               Hex            ##......     11%         3    ###....


Dungeon Overview and Level Annotations

Branches:
Dungeon (2/15)

Altars:

Annotations:
D:1 Natasha


Innate Abilities, Weirdness & Mutations

You are very small and have problems with some larger weapons.
You are too small for most types of armour.
You have supernaturally acute eyesight. (SInv)
You are a herbivore.
You cover ground extremely quickly.
You need consume almost no food.


Message History

You feel troubled.
There is a stone staircase leading up here.
You barely miss Natasha. The white imp gestures at you.
The puff of frost hits you! Natasha completely misses you.
Natasha completely misses you.
You climb upwards.
The white imp disappears in a puff of smoke!
There is a stone staircase leading down here.
You barely miss Natasha. Natasha misses you.
You hit Natasha.
Natasha is poisoned.
Natasha is lightly wounded.
Natasha closely misses you.
You barely miss Natasha.
Natasha is moderately wounded.
Natasha barely misses you.
You hit Natasha.
Natasha is heavily wounded.
Natasha claws you!
You die...

#...# ######.#
#)#.######......#
#.#.#......####.#
#...#.#########.#
#...............########
###.........#............######
............#.................#
..............................#
................@h............#
#...........#.................#
.##.##.####...#...............#
.+..##........#..#............#
(#####....#####...#...........#
..................#...........#
....#......#...............####
...........................#
....#......................#


You could see Natasha.

Vanquished Creatures
  Natasha (D:2)
  A worm (D:2)
  3 dart slugs (D:1)
  A leopard gecko (D:1)
  4 goblins
  2 hobgoblins
  6 kobolds (D:1)
  3 frilled lizards
  7 rats
28 creatures vanquished.

Notes
Turn   | Place    | Note
-------+----------+-------------------------------------------
     0 | D:1      | wnhky the Spriggan Enchanter began the quest for the Orb.
     0 | D:1      | Reached XP level 1. HP: 9/9 MP: 5/5
   395 | D:1      | Reached XP level 2. HP: 11/13 MP: 6/6
   399 | D:1      | Learned a level 2 spell: Ensorcelled Hibernation
  1201 | D:2      | Reached XP level 3. HP: 16/16 MP: 8/8
  1355 | D:2      | Learned a level 3 spell: Confuse
  1388 | D:2      | Noticed Natasha
  1395 | D:2      | Killed Natasha
  1395 | D:2      | Reached skill level 5 in Stealth
  1716 | D:2      | Noticed Natasha
  1729 | D:1      | Slain by Natasha

Skill      XL: |  1  2  3 |
---------------+----------+-----
Short Blades   | 2 |  2.5
Stealth        | 5 |  5.2
Spellcasting   | 3 |  3.0
Fighting       | |  0.5
Dodging        | |  3.5
Hexes          | |  3.9

Action                   || total
-------------------------++-------
Melee: Dagger            ||    78
 Cast: Ensorcelled Hiber ||    11
 Stab: Sleeping          ||     9
Armor: Robe              ||     5
Dodge: Dodged            ||    47
